← All builds
Geo sea / Armada / Economy first / OBSERVED BUILD

Standard geo sea

Standard Geo sea play: bot lab then shipyard in the cove, an early submarine and destroyer to contest the sea, geothermal around 7:40 to fund the later fleet transition.

Usually shipyard in the cove (87%)

#naval #eco · 729 distinct matches · 101 players · 81% of Armada Geo sea games · team won 54% of 778 · Recently observed

HOW TO PLAY IT

Key timing: Shipyard by 3:13

  1. Open 3 mex and wind into Bot Lab.
  2. Put up Shipyard with naval turret and BP for defense.
  3. Send out "submarine" then "destroyer" to contest the sea.
  4. Bring geothermal online to fund the fleet.
  5. Add Advanced Metal Extractor as the economy transitions.

Phase by phase

TYPICAL OF ITS 729 GAMES
  1. 1
  2. 2
  3. 3
  4. 4
PLAY THE OPENING

Follow the example game's first 6:00 step by step: what to build now, what comes next, and where it goes. At 1× it keeps pace with your own game.

  1. 1

    Up to the Bot Lab

    Economy
    • Metal Extractor3Mex
    • Wind Turbine3Wind
    Order
    1. Bot LabBot Lab after 3 mex, 3 winddone ~1:12, middle half 1:06–1:18

    Some games also: wind for allies (44%)

    By 0:55 in all: 3 mex · 3 wind

    The example game in this phase · 4 steps
    1. Mex ×3
    2. Wind ×4
    3. Energy storage
    4. Bot LabBot Labdone 1:24 · typical 1:12
  2. 2

    Bot Lab to Shipyard

    Economy
    • Metal Extractor1Mex
    • Wind Turbine1Wind
    Order
    1. ShipyardShipyard after 4 mex, 4 winddone ~3:11, middle half 2:50–3:36
    Builders
    • Construction Bot3 Con bot
    • Lazarus2 Lazarus

    Some games also: pawn (44%) · con turret (38%) · crossbow (35%)

    By 2:48 in all: 4 mex · 4 wind

    The example game in this phase · 9 steps
    1. Construction BotCon bot
    2. LazarusLazarus ×3
    3. Wind
    4. Construction BotCon bot
    5. Con turret
    6. PawnPawn
    7. CrossbowCrossbow
    8. Mex
    9. ShipyardShipyarddone 3:06 · typical 3:11
  3. 3

    Shipyard to 5:00

    Economy
    • Metal Extractor4Mex
    • Wind Turbine1Wind
    Builders
    • Construction Ship1 Con ship
    Army
    • Dolphin3 Dolphin
    • Skater1 Skater
    • Corsair1 Destroyer
    Other
    • Radar Tower1 Radar Tower

    Some games also: Sentry (44%) · submarine (44%) · converter (32%) · con turret (31%) · pawn (31%)

    By 5:00 in all: 8 mex · 7 wind · 1 energy storage · 1 con turret

    The example game in this phase · 21 steps
    1. Converter ×4
    2. Construction ShipCon ship
    3. Wind
    4. EelSubmarinedone 3:55 · typical 4:22
    5. Con turret
    6. Mex ×2
    7. Wind
    8. Mex
    9. Wind
    10. SkaterSkater
    11. Mex
    12. Wind ×2
    13. Geothermal PowerplantGeodone 5:16 · typical 7:45
    14. Wind
    15. Mex
    16. Wind
    17. DolphinDolphin
    18. Wind
    19. Naval Radar / Sonar TowerNaval Radar / Sonar Tower
    20. Con turret
    21. DolphinDolphin
  4. 4

    5:00 to 10:00

    Economy
    • Metal Extractor2Mex
    • Wind Turbine12Wind
    • Energy Converter2Converter
    Builders
    • Construction Turret1 Con turret
    • Construction Ship1 Con ship
    • Grim Reaper1 Grim Reaper
    Army
    • Sentry1 Sentry
    • Dolphin5 Dolphin
    • Corsair2 Destroyer
    • Skater2 Skater

    Some games also: Radar Tower (49%) · frigate (40%) · geo (40%) · Harpoon (39%) · Naval Construction Turret (33%)

    By 10:00 in all: 11 mex · 19 wind · 1 geo · 4 converter · 1 energy storage · 2 con turret

    The example game in this phase · 96 steps
    1. DolphinDolphin
    2. SkaterSkater
    3. Converter
    4. DolphinDolphin
    5. SentrySentry
    6. Converter
    7. NettleNettle
    8. DolphinDolphin
    9. Radar TowerRadar Tower
    10. Construction ShipCon ship
    11. Converter
    12. DolphinDolphin
    13. Naval Radar / Sonar TowerNaval Radar / Sonar Tower
    14. Converter
    15. DolphinDolphin
    16. Converter
    17. Grim ReaperGrim Reaper
    18. Converter ×3
    19. DolphinDolphin
    20. Mex
    21. DolphinDolphin
    22. Naval Construction Turret
    23. Wind
    24. Con turret
    25. Naval Construction Turret
    26. DolphinDolphin
    27. Mex
    28. CorsairDestroyerdone 6:59 · typical 5:35
    29. Wind
    30. SentrySentry
    31. NettleNettle
    32. Wind ×2
    33. Radar TowerRadar Tower
    34. Wind ×2
    35. SkaterSkater ×2
    36. Wind
    37. Mex
    38. CorsairDestroyer
    39. Wind
    40. Con turret
    41. Naval Radar / Sonar TowerNaval Radar / Sonar Tower
    42. Wind
    43. Naval Radar / Sonar TowerNaval Radar / Sonar Tower
    44. CorsairDestroyer
    45. Wind
    46. Advanced Metal ExtractorT2 mexdone 9:06 · typical 9:17
    47. Mex
    48. Wind ×4
    49. Mex
    50. SkaterSkater
    51. Wind
    52. SkaterSkater
    53. Wind
    54. Grim ReaperGrim Reaper
    55. Wind
    56. Advanced ShipyardAdvanced Shipyarddone 10:07
    57. Advanced Metal ExtractorT2 mex
    58. Mex
    59. Wind
    60. Naval Radar / Sonar TowerNaval Radar / Sonar Tower
    61. Wind
    62. Con turret
    63. Advanced Metal ExtractorT2 mex
    64. Wind
    65. Advanced Construction SubAdvanced Construction Sub
    66. Wind
    67. Advanced Metal ExtractorT2 mex
    68. VoyagerVoyager
    69. Wind
    70. VoyagerVoyager
    71. Wind
    72. Naval Advanced Metal ExtractorNaval Advanced Metal Extractordone 11:13
    73. BermudaRadar jammer ship
    74. Wind ×8
    75. Naval Advanced Metal ExtractorNaval Advanced Metal Extractor
    76. Advanced Metal ExtractorT2 mex
    77. Wind
    78. Naval Energy Storage
    79. Wind
    80. Naval Construction Turret
    81. Wind
    82. Naval Construction Turret
    83. Wind ×11
    84. Naval Advanced Metal ExtractorNaval Advanced Metal Extractor
    85. Advanced Metal ExtractorT2 mex
    86. Wind ×2
    87. Naval Radar / Sonar TowerNaval Radar / Sonar Tower
    88. Wind ×3
    89. Naval Metal Storage
    90. Wind ×10
    91. Advanced Geothermal PowerplantAdvanced Geothermal Powerplantnot finished by 15:00
    92. Wind ×7
    93. Naval Advanced Metal ExtractorNaval Advanced Metal Extractor
    94. Wind ×10
    95. Naval Metal Storage ×2
    96. Naval Advanced Metal ExtractorNaval Advanced Metal Extractor

Counts are medians over the build's games: half of them build more, half fewer. The example game is Zeker_niet_Philipp's (39 OS, 04/08/2026); pick another.

Team trades

IN AT LEAST 30% OF ITS GAMES

You hand over

  • Wind Turbine2 Wind to Airfirst at 1:41 · in 62% of games

You get

  • Finch1 Finch from Airfirst at 1:51 · in 74% of games
  • Hercules1 Light transport from Airfirst at 2:05 · in 64% of games
  • Advanced Construction Bot1 T2 con bot from Techfirst at 7:42 · in 89% of games

How it plays out

Typical game of this build, running totals by minute

Metal produced

010k20k30k
0:005:0010:0015:00

metal

Enemy metal destroyed

05k10k
0:005:0010:0015:00

metal

Own metal lost

02.5k5k7.5k
0:005:0010:0015:00

metal

778 games.

Show as table
ByMetal produced: This buildEnemy metal destroyed: This buildOwn metal lost: This build
1:0039500
2:0092800
3:00160300
4:002928051
5:00414717574
6:005554541314
7:0071101004646
8:00877617711041
9:001068025461676
10:001296034962273
11:001570846933181
12:001869457873959
13:002186669234765
14:002559380275669
15:002907491296696
WHAT THE NUMBERS SAY

Standard Armada geo sea nearly matches Cortex's economy numbers but wins slightly more often at 53%.

  • + Metal produced reaches 28785 by 15:00, the highest of the sea builds
  • + Own metal lost of 6895 stays well under enemy metal destroyed's 9048
  • − Geothermal only lands in 58% of games by 7:34
  • − T2 factory completes in only 40% of games by 12:43
THE EXAMPLE YOU ARE READING

Zeker_niet_Philipp

39.0 OS · 04/08/2026

Open source match ↗

2 received units · includes a constructor
585 metal received · 77021 energy received

Allied construction assistance is unknown. Timings are observations, not a promise of solo reproducibility.

Typical milestones

Bot Lab1:12Middle 50%: 1:06–1:18 · n=746
Shipyard3:11Middle 50%: 2:50–3:36 · n=767
Eel4:22Middle 50%: 3:41–5:34 · n=464
Corsair5:35Middle 50%: 4:50–6:34 · n=719
Geothermal Powerplant7:45Middle 50%: 6:47–9:10 · n=475
Advanced Metal Extractor9:17Middle 50%: 8:36–10:07 · n=680

Played most by

Optimusprimenutt52games of this buildKingBenjai49games of this build_X_48games of this buildhaaven42games of this buildHummell33games of this build
Standard geo sea · Armada Geo sea build order · BAR Build Atlas